 Dungeon Crawl Stone Soup version 0.24.1-8-ga250c9d538 (webtiles) character file.

Game seed: 5931951305922872022, levelgen mode: deterministic

135510 blainexi the Impaler (level 17, -6/142 HPs)
             Began as a Merfolk Gladiator on Apr 28, 2020.
             Was the Champion of the Shining One.
             Splashed by a deep elf sorcerer's acid (13 damage)
             ... on level 2 of the Elven Halls on Apr 29, 2020.
             The game lasted 04:02:29 (26455 turns).

blainexi the Impaler (Merfolk Gladiator)           Turns: 26455, Time: 04:02:33

Health: -6/142     AC:  5    Str: 27    XL:     17   Next: 19%
Magic:  22/25      EV: 26    Int: 25    God:    the Shining One [******]
Gold:   1721       SH: 10    Dex: 22    Spells: 13/18 levels left

rFire    + + .     SeeInvis .   U - +5 halberd of the Original Sin {chop, rC+ Stlth+}
rCold    + + +     Gourm    .   (shield currently unavailable)
rNeg     + + +     Faith    .   T - +2 scale mail of Dice, Bag, and Bottle {-Cast rPois Str+3 Dex+5}
rPois    +         Spirit   .   V - +2 hat
rElec    +         Reflect  .   O - +2 cloak of Wiusist {rF+ Str+4 Int+7}
rCorr    .         Harm     .   X - +0 pair of gloves "Rutiwuv" {rF+ Int+5 Slay+3}
MR       +....     NoCast   +   (no boots)
Stlth    ++........             P - amulet of regeneration
HPRegen  0.73/turn              s - ring "Xouq" {*Drain rElec rC+ rN+ EV+1 Stlth+}
MPRegen  0.19/turn              K - ring "Juigg" {*Drain rElec rC+ rN+ Int+6}

@: divine shield, corroded, glowing, studying Ice Magic
A: change form in water, swift swim, stealthy swim, antennae 1, camouflage 1
a: Divine Shield, Cleansing Flame, Summon Divine Warrior, Renounce Religion


You were on level 2 of the Elven Halls.
You worshipped the Shining One.
The Shining One was exalted by your worship.
You were not hungry.

You visited 6 branches of the dungeon, and saw 25 of its levels.
You visited the Abyss 1 time.
You also visited: Gauntlet and Ice Cave.

You collected 2813 gold pieces.
You spent 1092 gold pieces at shops.

Inventory:

Hand Weapons
 H - the +3 Elemental Staff {rElec rF++ rC++ MR++ AC+5}
   (You found it on level 1 of the Elven Halls)

   It affects your AC (+5).
   It greatly protects you from fire.
   It greatly protects you from cold.
   It insulates you from electricity.
   It affects your resistance to hostile enchantments.
 S - the +10 hand axe "Qafewn" {flame, Stlth+}
   (You took it off an orc on level 4 of the Dungeon)

   It has been specially enchanted to burn those struck by it, causing extra
   injury to most foes and up to half again as much damage against particularly
   susceptible opponents.
   Big, fiery blades are also staple armaments of hydra-hunters.
   It makes you more stealthy.
 U - the +5 halberd of the Original Sin (weapon) {chop, rC+ Stlth+}
   (You took it off an orc warrior on level 4 of the Dungeon)

   It inflicts extra damage upon your enemies.
   It protects you from cold.
   It makes you more stealthy.
 Y - a +5 trishula of holy wrath
Missiles
 L - 2 throwing nets (quivered)
Armour
 B - a +2 shield of protection
 O - the +2 cloak of Wiusist (worn) {rF+ Str+4 Int+7}
   (You bought it in a shop on level 1 of the Shoals)

   It affects your strength (+4).
   It affects your intelligence (+7).
   It protects you from fire.
 T - the +2 scale mail of Dice, Bag, and Bottle (worn) {-Cast rPois Str+3 Dex+5}
   (You took it off an orc on level 4 of the Dungeon)

   It affects your strength (+3).
   It affects your dexterity (+5).
   It protects you from poison.
   It prevents spellcasting.
 V - a +2 hat (worn)
 X - the +0 pair of gloves "Rutiwuv" (worn) {rF+ Int+5 Slay+3}
   (You acquired it on level 12 of the Dungeon)

   It affects your intelligence (+5).
   It affects your accuracy and damage with ranged weapons and melee attacks
   (+3).
   It protects you from fire.
Jewellery
 c - an uncursed ring of resist corrosion {unknown}
 d - an uncursed ring of resist corrosion {unknown}
 h - an uncursed ring of magical power {unknown}
 r - an uncursed ring of protection from fire
 s - the ring "Xouq" (left hand) {*Drain rElec rC+ rN+ EV+1 Stlth+}
   (You found it in a Gauntlet)

   [ring of evasion]

   It affects your evasion (+1).
   It protects you from cold.
   It insulates you from electricity.
   It protects you from negative energy.
   It causes draining when unequipped.
   It makes you more stealthy.
 x - a +3 ring of slaying
 K - the ring "Juigg" (right hand) {*Drain rElec rC+ rN+ Int+6}
   (You found it on level 1 of the Elven Halls)

   [ring of protection from cold]

   It affects your intelligence (+6).
   It protects you from cold.
   It insulates you from electricity.
   It protects you from negative energy.
   It causes draining when unequipped.
 P - an amulet of regeneration (around neck)
Wands
 g - a wand of disintegration (17)
 q - a wand of acid (22)
 y - a wand of digging (9)
 z - a wand of iceblast (7)
Scrolls
 i - 13 scrolls of remove curse
 j - 6 scrolls of fear
 n - 3 scrolls of enchant armour
 o - a scroll of holy word
 u - 13 scrolls of teleportation
 w - a scroll of enchant weapon {unknown}
 D - 3 scrolls of amnesia
 F - a scroll of summoning {unknown}
 G - 3 scrolls of fog
 M - 4 scrolls of identify
Potions
 a - a potion of ambrosia
 k - 5 potions of lignification {unknown}
 l - a potion of mutation
 p - 2 potions of might
 t - 2 potions of magic
 A - 2 potions of curing
 E - a potion of haste
 J - 2 potions of berserk rage {unknown}
 N - 7 potions of flight
Books
 b - a manual of Ice Magic
 Q - a manual of Ice Magic
Miscellaneous
 m - a phantom mirror
 v - a sack of spiders
 I - a lamp of fire
 Z - 4 boxes of beasts
Comestibles
 f - 43 rations


   Skills:
 + Level 15.1 Fighting
 - Level 3.1(8.4) Axes
 + Level 18.6(18.9) Polearms
 - Level 2.0 Throwing
 - Level 8.5 Armour
 - Level 16.8 Dodging
 - Level 6.2 Shields
 * Level 1.0 Spellcasting
 * Level 6.2 Charms
 * Level 6.9 Translocations
 - Level 11.4 Invocations


You had 13 spell levels left.
You knew the following spells:

 Your Spells              Type           Power        Failure   Level  Hunger
a - Sticks to Snakes      Tmut           #.......     36%         2    ###....
b - Blink                 Tloc           N/A          2%          2    ###....
c - Infusion              Chrm           ####         1%          1    ##.....

Your spell library contained the following spells:

 Spells                   Type           Power        Failure   Level  Hunger
 Shroud of Golubria       Chrm/Tloc      ####..       2%          2    ###....
 Song of Slaying          Chrm           ####....     2%          2    ###....
 Gell's Gravitas          Tloc           #####.....   4%          3    ####...
 Portal Projectile        Hex/Tloc       ###...       19%         3    ####...
 Ozocubu's Armour         Chrm/Ice       ###.....     21%         3    ####...
 Regeneration             Chrm/Necr      ###.......   21%         3    ####...
 Spectral Weapon          Hex/Chrm       ###.....     21%         3    ####...
 Beastly Appendage        Tmut           #.....       24%         1    ##.....
 Freeze                   Ice            #...         24%         1    ##.....
 Magic Dart               Conj           #...         24%         1    ##.....
 Call Imp                 Summ           #.......     36%         2    ###....
 Searing Ray              Conj           #.....       36%         2    ###....
 Slow                     Hex            #.......     36%         2    ###....
 Force Lance              Conj/Tloc      ###.....     52%         4    #####..
 Conjure Flame            Conj/Fire      #.......     58%         3    ####...
 Dazzling Spray           Conj/Hex       #.....       58%         3    ####...
 Mephitic Cloud           Conj/Pois/Air  #.......     58%         3    ####...
 Spider Form              Tmut/Pois      #.........   58%         3    ####...
 Iskenderun's Battlesphe  Conj/Chrm      ###.....     88%         5    ######.
 Dispersal                Tloc           #####.....   91%         6    #######
 Fulminant Prism          Conj/Hex       #.........   94%         4    #####..
 Ice Form                 Ice/Tmut       #.......     94%         4    #####..
 Iskenderun's Mystic Bla  Conj           #.......     94%         4    #####..
 Blade Hands              Tmut           #.........   100%        5    ######.
 Deflect Missiles         Chrm/Air       ###.......   100%        6    #######
 Controlled Blink         Tloc           N/A          100%        8    #######
 Disjunction              Tloc           #####.....   100%        8    #######


Dungeon Overview and Level Annotations

Branches:
Dungeon (12/15)            Temple (1/1) D:5            Lair (6/6) D:11
 Shoals (2/4) Lair:4        Snake (0/4) Lair:4        Slime (0/5) Lair:5
    Orc (2/2) D:12            Elf (2/3) Orc:2         IceCv (visited)
Gauntlet (visited)

Altars:
Ashenzari
Cheibriados
Dithmenos
Elyvilon
Fedhas
Gozag
Hepliaklqana
Kikubaaqudgha
Makhleb
Nemelex Xobeh
Okawaru
Qazlal
Ru
Sif Muna
Trog
Uskayaw
Vehumet
Wu Jian
Xom
Yredelemnul
Zin
The Shining One
Beogh
Jiyva
Lugonu

Shops:
D:12 *   Orc:1 (   Orc:2 ((*!=   Elf:1 (   Shoals:1 [

Portals:
Desolation: Elf:2

Annotations:
D:10 2 transporters
D:12 exclusion: obsidian statue
Lair:5 exclusion: oklob plant


Innate Abilities, Weirdness & Mutations

You revert to your normal form in water.
You are very nimble and swift while swimming.
You are very stealthy in the water. (Stealth+)
You have a pair of small antennae on your head.
Your skin changes colour to match your surroundings (Stealth+).


Message History

You feel much better.
You hear the faint whistling of a distant wind.
The +0 flail of venom closely misses you.
The deep elf mage misses you.
The deep elf sorcerer hits you but does no damage.
The +0 flail of venom closely misses you.
A divine shield forms around you!
You feel slightly more hungry.
The deep elf sorcerer gestures at you while chanting.
The bolt of acid hits you!!
* * * LOW HITPOINT WARNING * * *
The acid corrodes you!
You are splashed with acid!
* * * LOW HITPOINT WARNING * * *
The +0 flail of venom hits you!
* * * LOW HITPOINT WARNING * * *
The deep elf mage completely misses you.
The deep elf sorcerer casts a spell at you.
The bolt of acid hits you! The Shining One protects you from harm!
The acid corrodes you!
You are splashed with acid!
You die...

#..### #+.## .
#....###...+#
#.####.##...>.##
..[..#.....8...# #+##
...#.#..#.....## #...#+
.....#..##...####.....##
...#.#.####.## #.[.....#
_....#..# ### #ee.....'
..####.##### ##@(.>...#
# #....###.####'#.....##
#...'##...##.###......
#...#'.....'## ######
....###.......##
######.........##
#.....⌠.....#
##.........##
##.......##


You could see a deep elf sorcerer, a deep elf mage and a +0 flail of venom.

Vanquished Creatures
  2 sphinxes (Elf:1)
  A tentacled starspawn (Abyss:2)
  Donald (Elf:1)
  A stone giant (D:12)
  The ghost of Lemonice the Thaumaturge, a journeyman GnSk of Ru (Lair:4)
  2 dire elephants (Lair:4)
  A minotaur (Gauntlet)
  A merfolk javelineer (Shoals:2)
  A merfolk impaler (Shoals:1)
  Fannar (Lair:1)
  7 hydras
  Harold (D:9)
  A catoblepas (Lair:4)
  A two-headed ogre (D:12)
  A merfolk aquamancer (Shoals:1)
  8 dancing weapons
  12 death yaks
  4 orc high priests
  2 large abominations (Abyss:2)
  2 thrashing horrors (Abyss:2)
  Nergalle (Lair:2)
  Sonja (D:10)
  A fire crab (Lair:4)
  6 wretched stars (Abyss:2)
  4 deep elf knights (Elf:1)
  3 sea snakes
  3 wizards (Gauntlet)
  4 unseen horrors
  7 orc knights
  4 deep elf archers (Elf:1)
  An oklob plant (Lair:2)
  A necromancer (IceCv)
  3 harpies (Shoals:1)
  18 deep elf magi
  5 orc sorcerers
  3 fauns (Shoals:1)
  6 manticores
  2 water nymphs (Shoals:1)
  2 merfolk sirens (Shoals:1)
  A cyclops (Orc:1)
  Psyche (D:9)
  2 torpor snails
  9 elephants
  An ice statue (IceCv)
  7 black mambas
  Joseph (Lair:1)
  2 gargoyles (D:10)
  3 spiny frogs
  5 rime drakes
  11 freezing wraiths
  7 komodo dragons
  An ice devil (Gauntlet)
  An ancient zyme (Abyss:2)
  6 merfolk (Shoals:1)
  6 trolls
  10 polar bears
  8 raiju
  2 wolf spider simulacra (IceCv)
  Prince Ribbit (D:6)
  A blink frog (shapeshifter) (Elf:1)
  12 hippogriffs
  2 wind drakes (Shoals:1)
  30 blink frogs
  6 dream sheep
  3 flying skulls (Abyss:2)
  38 yaks
  5 water elementals
  The ghost of diiiiiane the Firebug, an amateur DEFE (D:3)
  An air elemental (Elf:1)
  A shadow (D:11)
  A spriggan (D:7)
  An ice dragon skeleton (Abyss:2)
  Sigmund (D:5)
  3 wyverns
  A basilisk (Lair:6)
  A chaos spawn (Abyss:2)
  2 hungry ghosts
  A golden eye (Abyss:2)
  Menkaure (D:4)
  3 nagas (Lair:4)
  6 wargs
  13 water moccasins
  16 hell hounds
  11 porcupines
  12 ice beasts
  26 orc warriors
  2 sky beasts
  11 black bears (Lair:6)
  3 phantoms
  A necrophage (D:5)
  11 ogres
  20 wolves
  13 centaurs
  15 crocodiles
  2 big kobolds
  17 bullfrogs
  An earth elemental (Abyss:2)
  A wyvern zombie (D:9)
  4 small abominations (Abyss:2)
  5 scorpions
  6 killer bees (D:11)
  5 wights (D:8)
  3 howler monkeys (D:10)
  A crimson imp (D:11)
  3 draconian simulacra (IceCv)
  11 hounds
  4 jellies
  2 bullfrog zombies
  A quasit (D:11)
  4 bullfrog skeletons
  3 centaur skeletons
  23 orc priests
  Ijyb (D:4)
  Jessica (D:2)
  Natasha (thrice) (D:2)
  5 iguanas
  35 orc wizards
  10 worker ants
  4 troll simulacra (IceCv)
  2 spriggan simulacra (IceCv)
  2 wolf simulacra (IceCv)
  A killer bee zombie (D:10)
  A centaur simulacrum (IceCv)
  3 hound skeletons
  Robin (D:2)
  7 gnolls
  A howler monkey skeleton (D:10)
  6 naga simulacra (IceCv)
  8 adders
  4 ogre simulacra (IceCv)
  4 shadow imps
  23 white imps
  An ooze (D:1)
  3 worms
  3 dart slugs
  4 leopard geckos
  110 orcs
  A ball python (D:5)
  9 giant cockroaches
  17 goblins
  6 hobgoblins
  10 jackals
  4 quokkas
  5 bats
  2 frilled lizards
  A jackal skeleton (D:6)
  17 kobolds
  A leopard gecko zombie (D:5)
  4 rats
  A bush (Lair:1)
  5 fungi
  5 plants
  3 starspawn tentacles (Abyss:2)
916 creatures vanquished.

Vanquished Creatures (collateral kills)
  A sphinx (Elf:1)
  4 hydras (Elf:1)
  2 death yaks (Lair:5)
  2 manticores (Elf:1)
  A black mamba (Lair:5)
  2 elephants (Lair:5)
  2 komodo dragons (Lair:1)
  A wyvern (Elf:1)
  A yak (Lair:5)
  2 basilisks (Lair:1)
  Grum (Lair:1)
  A hell hound (Elf:1)
  A porcupine (Lair:1)
  2 wolves (Lair:1)
  An iguana (Lair:1)
  A fungus (Lair:1)
  2 plants (Lair:1)
  A starspawn tentacle (Abyss:2)
28 creatures vanquished.

Vanquished Creatures (others)
  A dancing weapon (Elf:1)
  The ghost of Atelerd the Conjurer, a novice OpWz of Vehumet (D:4)
  A water elemental (Elf:2)
  An orc wizard (Orc:2)
  An orc (D:4)
  2 bushes (Lair:1)
  11 fungi
  13 plants
  9 starspawn tentacles (Abyss:2)
  9 toadstools (Lair:4)
49 creatures vanquished.

Grand Total: 993 creatures vanquished

Notes
Turn   | Place    | Note
-------+----------+-------------------------------------------
     0 | D:1      | blainexi the Merfolk Gladiator began the quest for the Orb.
     0 | D:1      | Reached XP level 1. HP: 16/16 MP: 1/1
   224 | D:1      | Reached XP level 2. HP: 21/23 MP: 2/2
   866 | D:2      | Reached skill level 5 in Polearms
   866 | D:2      | Reached XP level 3. HP: 23/28 MP: 3/3
  1248 | D:2      | Noticed Jessica
  1259 | D:2      | Killed Jessica
  1259 | D:2      | Reached skill level 5 in Dodging
  1259 | D:2      | Reached XP level 4. HP: 26/34 MP: 4/4
  1544 | D:2      | Noticed Robin
  1547 | D:2      | Killed Robin
  1569 | D:2      | Reached skill level 1 in Armour
  1581 | D:2      | Reached skill level 1 in Shields
  1612 | D:2      | Reached XP level 5. HP: 38/40 MP: 5/5
  1652 | D:2      | Noticed Natasha
  1733 | D:3      | Found a shattered altar of Ashenzari.
  2066 | D:3      | Found a glowing golden altar of the Shining One.
  2071 | D:3      | Noticed an angel
  2076 | D:3      | Became a worshipper of the Shining One
  2087 | D:3      | Found a basalt altar of Yredelemnul.
  2089 | D:3      | Noticed a profane servitor
  2158 | D:3      | Found a large runed translucent door.
  2158 | D:3      | Found a large runed translucent door.
  2183 | D:3      | Noticed diiiiiane's ghost (amateur DEFE)
  2384 | D:4      | Reached skill level 6 in Polearms
  2401 | D:4      | Found an opulent altar of Gozag.
  2441 | D:4      | Noticed an orc warrior
  2448 | D:5      | Entered Level 5 of the Dungeon
  2626 | D:5      | Noticed a centaur
  2633 | D:5      | Killed a centaur
  2633 | D:5      | Reached XP level 6. HP: 34/47 MP: 6/6
  2846 | D:5      | Noticed a necrophage
  2854 | D:5      | Killed a necrophage
  2966 | D:5      | Reached skill level 7 in Polearms
  2966 | D:5      | Reached XP level 7. HP: 49/54 MP: 7/7
  2983 | D:5      | Found a staircase to the Ecumenical Temple.
  2988 | Temple   | Entered the Ecumenical Temple
  3630 | D:5      | Noticed Sigmund
  3641 | D:5      | Killed Sigmund
  3965 | D:4      | Found a shadowy altar of Dithmenos.
  4185 | D:4      | Noticed Menkaure
  4185 | D:4      | Reached * piety under the Shining One
  4189 | D:4      | Killed Menkaure
  4189 | D:4      | Reached skill level 5 in Fighting
  4189 | D:4      | Reached XP level 8. HP: 62/62 MP: 8/8
  4247 | D:4      | Reached skill level 8 in Polearms
  4604 | D:4      | Noticed Ijyb
  4617 | D:4      | Killed Ijyb
  4647 | D:4      | Found a runed translucent gate.
  4647 | D:4      | Found a runed translucent gate.
  4647 | D:4      | Found a runed translucent gate.
  4650 | D:4      | Noticed Atelerd's ghost (novice OpWz)
  4658 | D:4      | Identified the +5 halberd of the Original Sin {chop, rC+
                  | Stlth+}
  4803 | D:4      | Found a roughly hewn altar of Beogh.
  4805 | D:4      | Identified the +10 hand axe "Qafewn" {flame, Stlth+}
  4805 | D:4      | Identified the +2 scale mail of Dice, Bag, and Bottle
                  | {-Cast rPois Str+3 Dex+5}
  5395 | D:6      | Noticed Prince Ribbit
  5433 | D:6      | Killed Prince Ribbit
  5719 | D:6      | Reached skill level 9 in Polearms
  5741 | D:6      | Reached XP level 9. HP: 69/69 MP: 9/9
  5748 | D:6      | Found a burning altar of Makhleb.
  5952 | D:6      | Found a shimmering altar of Xom.
  6026 | D:6      | Got a translucent ring mail
  6240 | D:7      | Identified the +0 ring mail "Vaica" {MR+ Regen+} (You found
                  | it on level 6 of the Dungeon)
  6247 | D:7      | Reached ** piety under the Shining One
  6315 | D:7      | Reached skill level 10 in Polearms
  6634 | D:7      | Reached skill level 1 in Invocations
  6726 | D:7      | Reached XP level 10. HP: 57/79 MP: 9/11
  6860 | D:7      | Found a stormy altar of Qazlal.
  6894 | D:7      | Found an ornate altar of the Wu Jian Council.
  6930 | D:7      | Found a snail-covered altar of Cheibriados.
  6946 | D:7      | Learned a level 2 spell: Sticks to Snakes
  7070 | D:8      | Reached skill level 10 in Dodging
  7325 | D:8      | Reached skill level 11 in Polearms
  7544 | D:8      | Found a white marble altar of Elyvilon.
  7671 | D:8      | Found a radiant altar of Vehumet.
  7784 | D:9      | Noticed Harold
  7813 | D:9      | Killed Harold
  7887 | D:9      | Found a hazy altar of Hepliaklqana.
  8022 | D:9      | Reached skill level 5 in Shields
  8169 | D:9      | Noticed Psyche
  8179 | D:9      | Killed Psyche
  8536 | D:9      | Reached *** piety under the Shining One
  8683 | D:10     | Entered Level 10 of the Dungeon
  8827 | D:2      | Killed Natasha
  8907 | D:2      | Noticed Natasha
  8916 | D:2      | Killed Natasha
  9280 | D:2      | Noticed Natasha
  9287 | D:2      | Killed Natasha
  9361 | D:3      | Killed diiiiiane's ghost
  9361 | D:3      | Reached skill level 12 in Polearms
  9450 | D:4      | Killed Atelerd's ghost
  9450 | D:4      | Reached XP level 11. HP: 84/89 MP: 13/13
  9663 | D:10     | Noticed Sonja
  9717 | D:10     | Killed Sonja
  9717 | D:10     | Reached skill level 1 in Axes
  9926 | D:10     | Found a roughly hewn altar of Beogh.
  9926 | D:10     | Found a transporter.
  9927 | D:10     | Noticed a two-headed ogre
  9999 | D:10     | Found a transporter.
 10009 | D:10     | Noticed an ogre mage
 10010 | D:10     | Noticed an unseen horror
 10013 | D:10     | Reached **** piety under the Shining One
 10017 | D:10     | Killed an unseen horror
 10500 | D:11     | Found a stormy altar of Qazlal.
 10671 | D:11     | Noticed an unseen horror
 10683 | D:11     | Killed an unseen horror
 10884 | D:11     | Reached skill level 10 in Fighting
 10892 | D:11     | Found a staircase to the Lair.
 11221 | D:12     | Noticed an obsidian statue
 11297 | D:12     | Noticed an unseen horror
 11300 | D:12     | Killed an unseen horror
 11300 | D:12     | Reached skill level 5 in Invocations
 11307 | D:12     | Noticed a two-headed ogre
 11316 | D:12     | Reached XP level 12. HP: 97/97 MP: 15/15
 11321 | D:12     | Killed a two-headed ogre
 11404 | D:12     | Reached skill level 5 in Armour
 11415 | D:12     | Reached ***** piety under the Shining One
 11454 | D:12     | Found Cubbutuv's General Store.
 11475 | D:12     | Bought a scroll of identify for 26 gold pieces
 11475 | D:12     | Bought a scroll of acquirement for 676 gold pieces
 11479 | D:12     | Got a pair of ichor-stained gloves
 11490 | D:12     | Identified the +0 pair of gloves "Rutiwuv" {rF+ Int+5
                  | Slay+3} (You acquired it on level 12 of the Dungeon)
 11589 | D:12     | Found a staircase to the Orcish Mines.
 11662 | Orc:1    | Entered Level 1 of the Orcish Mines
 11662 | Orc:1    | Noticed an orc high priest
 11664 | Orc:1    | Noticed a stone giant
 11754 | D:12     | Reached skill level 13 in Polearms
 11814 | D:12     | Killed a stone giant
 11943 | D:12     | Killed an orc high priest
 12180 | Orc:1    | Found Moujuf's Weapon Shop.
 12477 | Orc:2    | Entered Level 2 of the Orcish Mines
 12784 | Orc:2    | Found Cuem's Jewellery Shop.
 13075 | Orc:2    | Found a staircase to the Elven Halls.
 13090 | Orc:2    | Reached XP level 13. HP: 76/106 MP: 17/17
 13107 | Orc:2    | Reached skill level 14 in Polearms
 13511 | Orc:2    | Gained mutation: Your magical capacity is low. (-10% MP) [a
                  | neqoxec]
 13512 | Orc:2    | Gained mutation: You are clumsy. (Dex -2) [a neqoxec]
 13734 | Orc:2    | Found Lucvaut's Distillery.
 13734 | Orc:2    | Found Wassah's Weapon Shop.
 13736 | Orc:2    | Found Aliun's General Store.
 13736 | Orc:2    | Found Ahyfyap's Antique Weapon Shop.
 13742 | Orc:2    | Bought a potion of heal wounds for 55 gold pieces
 13745 | Orc:2    | Bought a scroll of identify for 28 gold pieces
 13745 | Orc:2    | Bought a potion of heal wounds for 70 gold pieces
 13986 | Elf:1    | Entered Level 1 of the Elven Halls
 13986 | Elf:1    | Noticed Donald
 14084 | Lair:1   | Entered Level 1 of the Lair of Beasts
 14227 | Lair:1   | Noticed Fannar
 14238 | Lair:1   | Killed Fannar
 14313 | Lair:1   | Noticed Grum
 14323 | Lair:1   | Killed Grum
 14598 | Lair:1   | Noticed Joseph
 14615 | Lair:1   | Killed Joseph
 15519 | Lair:2   | Found a frozen archway.
 15528 | IceCv    | Entered an ice cave
 15579 | IceCv    | Reached skill level 15 in Polearms
 15707 | IceCv    | Found an ancient bone altar of Kikubaaqudgha.
 15707 | IceCv    | Reached ****** piety under the Shining One
 15867 | IceCv    | Reached XP level 14. HP: 105/116 MP: 18/18
 16121 | Lair:2   | Noticed Nergalle
 16138 | Lair:2   | Killed Nergalle
 16138 | Lair:2   | Reached skill level 15 in Dodging
 18010 | Lair:4   | Reached skill level 16 in Polearms
 18031 | Lair:4   | Found a runed translucent door.
 18077 | Lair:4   | Noticed a dire elephant
 18077 | Lair:4   | Noticed a dire elephant
 18092 | Lair:4   | Killed a dire elephant
 18100 | Lair:4   | Killed a dire elephant
 18194 | Lair:4   | Found a staircase to the Snake Pit.
 18219 | Lair:4   | Found a runed translucent gate.
 18219 | Lair:4   | Noticed Lemonice's ghost (journeyman GnSk)
 18220 | Lair:4   | Found a runed translucent gate.
 18220 | Lair:4   | Found a runed translucent gate.
 18266 | Lair:4   | Killed Lemonice's ghost
 18268 | Lair:4   | Reached skill level 10 in Invocations
 18581 | Lair:4   | Found a staircase to the Shoals.
 18656 | Shoals:1 | Entered Level 1 of the Shoals
 18703 | Shoals:1 | Reached XP level 15. HP: 73/124 MP: 20/20
 18818 | Shoals:1 | Found Mumiym's Antique Armour Shop.
 18826 | Shoals:1 | Bought an ichor-stained cloak for 237 gold pieces
 18836 | Shoals:1 | Identified the +2 cloak of Wiusist {rF+ Str+4 Int+7} (You
                  | bought it in a shop on level 1 of the Shoals)
 18839 | Shoals:1 | Learned a level 2 spell: Blink
 19228 | D:3      | Identified a +5 trishula of holy wrath (a +3 demon trident
                  | of venom blessed by the Shining One)
 19228 | D:3      | Received a gift from the Shining One
 20251 | Shoals:2 | Reached skill level 1 in Translocations
 21271 | Lair:5   | Reached skill level 17 in Polearms
 21295 | Lair:6   | Entered Level 6 of the Lair of Beasts
 21448 | Lair:5   | Found a gate leading to a gauntlet.
 21456 | Gauntlet | Entered a Gauntlet
 21456 | Gauntlet | Found a transporter.
 21456 | Gauntlet | Found a transporter.
 21456 | Gauntlet | Found a transporter.
 21479 | Gauntlet | Found a transporter.
 21489 | Gauntlet | Found a transporter.
 21492 | Gauntlet | Found a transporter.
 21504 | Gauntlet | Found a transporter.
 21521 | Gauntlet | Found a transporter.
 21524 | Gauntlet | Found a transporter.
 21527 | Gauntlet | Found a transporter.
 21531 | Gauntlet | Found a runed translucent door.
 21531 | Gauntlet | Found a runed translucent door.
 21535 | Gauntlet | Found a transporter.
 21538 | Gauntlet | Found a transporter.
 21539 | Gauntlet | Found a runed translucent door.
 21715 | Gauntlet | Got a scorched tin ring
 21726 | Gauntlet | Identified the ring "Xouq" {*Drain rElec rC+ rN+ EV+1
                  | Stlth+} (You found it in a Gauntlet)
 21762 | Gauntlet | Cast into level 2 of the Abyss (minotaur)
 21883 | Abyss:2  | Noticed a cacodemon
 22081 | Abyss:2  | Noticed a tentacled starspawn
 22083 | Abyss:2  | Noticed a tentacled starspawn
 22123 | Abyss:2  | Killed a tentacled starspawn
 22303 | Gauntlet | Escaped the Abyss
 22339 | Gauntlet | Lost mutation: Your magical capacity is low. (-10% MP)
                  | [potion of mutation]
 22339 | Gauntlet | Lost mutation: You are clumsy. (Dex -2) [potion of
                  | mutation]
 22339 | Gauntlet | Gained mutation: Your skin changes colour to match your
                  | surroundings (Stealth+). [potion of mutation]
 22339 | Gauntlet | Gained mutation: You have a pair of small antennae on your
                  | head. [potion of mutation]
 22359 | Gauntlet | Got a wizard robe
 22370 | Gauntlet | Identified the +0 robe "Opupas" {Str+2 Dex+4} (You found it
                  | in a Gauntlet)
 22440 | Lair:5   | Found a viscous altar of Jiyva.
 22440 | Lair:5   | Found a staircase to the Slime Pits.
 23057 | Lair:5   | Found a blossoming altar of Fedhas.
 23460 | Lair:6   | Reached XP level 16. HP: 94/134 MP: 20/24
 23904 | Lair:6   | Reached skill level 18 in Polearms
 24267 | Lair:6   | Identified the Reference Book on the Boosting Snowflakes
 24271 | Lair:6   | Learned a level 1 spell: Infusion
 24385 | Lair:6   | Reached skill level 1 in Charms
 24436 | Lair:6   | Reached skill level 5 in Translocations
 24913 | Elf:1    | Killed Donald
 25122 | Elf:1    | Found the +3 Elemental Staff {rElec rF++ rC++ MR++ AC+5}
 25300 | Elf:1    | Got a wavering granite ring
 25302 | Elf:1    | Identified the ring "Juigg" {*Drain rElec rC+ rN+ Int+6}
                  | (You found it on level 1 of the Elven Halls)
 25459 | Elf:1    | Reached skill level 15 in Fighting
 25635 | Elf:1    | Reached skill level 5 in Charms
 25665 | Elf:1    | Found Bereb's Antique Weapon Boutique.
 25687 | Elf:1    | Noticed a sphinx
 25687 | Elf:1    | Noticed a sphinx
 25687 | Elf:1    | Noticed a sphinx
 25701 | Elf:1    | Killed a sphinx
 25714 | Elf:1    | Reached XP level 17. HP: 105/142 MP: 22/25
 25726 | Elf:1    | Identified the +13 large shield "Ysiritzo" {+Inv rC+ MR+}
 25739 | Elf:1    | Killed a sphinx
 25749 | Elf:1    | Killed a sphinx
 26369 | Elf:2    | Found a white marble altar of Elyvilon.
 26370 | Elf:2    | Found a glowing golden altar of the Shining One.
 26386 | Elf:2    | Reached skill level 1 in Spellcasting
 26411 | Elf:2    | Found a glowing silver altar of Zin.
 26412 | Elf:2    | Found a ruined gateway.
 26455 | Elf:2    | HP: 7/142 [+0 flail of venom (7)]
 26455 | Elf:2    | The Shining One protects you from harm!
 26455 | Elf:2    | Splashed by a deep elf sorcerer's acid

Levels and vault maps discovered:
D:1:      evilmike_arrival_plus, layout_loops_ring,
          chequers_serial_rivers_room_b
D:2:      layout_loops_ring, minmay_pentomino_v4, uniq_robin, uniq_natasha,
          uniq_jessica
D:3:      layout_rooms, grunt_temple_overflow_holy_war,
          ashenzari_conservatory_becter, ebering_ghost_disaster_area
D:4:      layout_loops_ring, lemuel_crystal_altar, grunt_gozag_breadcrumbs,
          first_ration, serial_forest, infiniplex_forest_lined_4_way,
          infiniplex_forest_corner_1, infiniplex_forest_lined_4_way,
          infiniplex_forest_end_3, infiniplex_forest_clump_tiny,
          infiniplex_forest_lined_room_2, infiniplex_forest_end_2,
          infiniplex_forest_lined_room_2, infiniplex_forest_join,
          biasface_ghost_orc_armoury, uniq_menkaure, uniq_ijyb
D:5:      layout_loops_corners, temple_doors_e, uniq_sigmund
D:6:      layout_loops_ring, tgw_xom, nicolae_overflow_crystal_walls,
          uniq_prince_ribbit1
D:7:      layout_cave_pools, lemuel_round_altar, nicolae_overflow_hidden_temple,
          slow_altar_2, chequers_serial_rivers_room_b, the_bakery
D:8:      layout_loops_cross, vehumet_crystals, elyvilon_altar_3, serial_glass,
          glass_columns_b, glass_columns_c, glass_columns_b, glass_columns_a,
          glass_columns_a
D:9:      layout_basic, lemuel_doored_altar, uniq_harold, uniq_psyche
D:10:     gammafunk_beogh_shrine, layout_basic, uniq_sonja
D:11:     layout_loops_ring, lair_entry_dummy, nicolae_qazlal_style_of_elements
D:12:     layout_roguey, hiddenorc2_lemuel, serial_shops, nicolae_shop_trees,
          nicolae_shop_statue_plus, hangedman_decor_peaks_small, minivault_16
Temple:   kb_corrupted_temple
Lair:1:   beast_lair_carwin_large_2, layout_cave_pods, serial_forest,
          infiniplex_forest_clump_cross, infiniplex_forest_lined_4_way,
          infiniplex_forest_end_2, infiniplex_forest_lined_ring,
          infiniplex_forest_clump_medium, infiniplex_forest_corner_2,
          infiniplex_forest_lined_room_2, lemuel_fruit_tree,
          infiniplex_staircase_pool, uniq_fannar, uniq_joseph, uniq_grum
Lair:2:   layout_roguey, portal_ice_cave_entry_pillars_1, beast_lair_carwin_3,
          grunt_megastairs_5, serial_bayou_shore_b, uniq_nergalle
Lair:3:   layout_cave_pods
Lair:4:   gammafunk_lair_enchanted_lake, layout_long_grid,
          minmay_shoals_entry_beasts, guppyfry_snake_entry_garden,
          gammafunk_ghost_split
Lair:5:   layout_cave_pods, slime_altar_1, gauntlet_entry_generic,
          chequers_serial_rivers_marsh, st_stairs_7, tgw_fedhas
Lair:6:   hangedman_lair_caniforms_friends, layout_gridlike,
          nicolae_volcano_entry_hallway
Shoals:1: layout_shoals, serial_shops, nicolae_shop_crystal
Shoals:2: layout_shoals
Orc:1:    layout_caves, serial_shops, shop
Orc:2:    grunt_orc_tribal_feast, layout_caves, serial_shops,
          nicolae_shop_statue_plus
Elf:1:    layout_geoelf_grid, serial_shops, nicolae_shop_waterfront,
          special_room [special_room_mythical_zoo],
          hangedman_elven_crosses_minicolossus, uniq_donald
Elf:2:    layout_geoelf_octagon, basic_altar,
          portal_desolation_entry_holy_temple, minivault_20,
          einodemon_crawler_minivault

Skill      XL: |  1  2  3  4  5  6  7  8  9 10 11 12 13 14 15 16 17 |
---------------+----------------------------------------------------+-----
Polearms       | 5 6 7 9 10 12 13 15 16 17 18 | 18.6
Dodging        | 5 6 7 8 9 11 12 13 14 16 | 16.8
Armour         | 1 2 3 4 5 6 7 8 |  8.5
Shields        | 1 2 3 4 5 6 |  6.2
Fighting       | 3 4 5 6 7 9 10 11 12 13 14 15 | 15.1
Invocations    | 1 3 5 6 8 10 11 | 11.4
Axes           | 3 |  3.1
Translocations | 3 6 |  6.9
Charms         | 5 6 |  6.2
Spellcasting   | 1 |  1.0
Throwing       | |  2.0

Action                   |  1- 3 |  4- 6 |  7- 9 | 10-12 | 13-15 | 16-18 || total
-------------------------+-------+-------+-------+-------+-------+-------++-------
Melee: Trident           |    85 |   189 |   445 |   265 |       |       ||   984
       Tailslap          |       |       |     1 |       |    22 |       ||    23
       Halberd           |       |       |       |   419 |   868 |   415 ||  1702
       Hand axe          |       |       |       |    44 |    50 |    40 ||   134
       Trishula          |       |       |       |       |   147 |       ||   147
Throw: Throwing net      |       |     3 |     1 |       |       |       ||     4
Invok: Divine Shield     |       |       |       |     2 |     7 |     2 ||    11
       Summon Divine War |       |       |       |       |     4 |     2 ||     6
       Cleansing Flame   |       |       |       |       |     3 |       ||     3
       Brand Weapon With |       |       |       |       |     1 |       ||     1
Evoke: Wand              |       |       |     6 |       |     5 |       ||    11
  Use: Scroll            |     2 |     2 |     5 |     5 |    17 |       ||    31
       Potion            |       |       |     4 |     1 |    16 |     4 ||    25
 Stab: Sleeping          |     1 |       |       |       |       |       ||     1
       Distracted        |       |     1 |       |       |       |       ||     1
  Eat: Chunk             |     1 |     2 |     3 |    15 |    12 |     5 ||    38
       Ration            |       |     1 |     3 |     2 |     7 |     2 ||    15
Armor: Leather armour    |    18 |    35 |    75 |    36 |       |       ||   164
       Scale mail        |       |       |       |    91 |   204 |    96 ||   391
Dodge: Dodged            |    56 |   101 |   250 |   500 |   910 |   433 ||  2250
Block: Buckler           |    15 |    43 |   117 |    66 |       |       ||   241
       Other             |       |       |       |    11 |    35 |     9 ||    55
